 Dungeon Crawl Stone Soup version 0.16.1-11-g651b585 (webtiles) character file.

418 tonysalla the Skirmisher (level 6, -5/62 HPs)
             Began as a Troll Fighter on Apr 1, 2015.
             Was an Initiate of Makhleb.
             Slain by an ogre
             ... wielding a +0 giant spiked club
              (30 damage)
             ... on level 4 of the Dungeon on Apr 2, 2015.
             The game lasted 00:33:44 (3644 turns).

tonysalla the Skirmisher (Troll Fighter)            Turns: 3644, Time: 00:33:44

Health: -5/62      AC:  5    Str: 32      XL:     6   Next: 61%
Magic:  3/3        EV:  8    Int:  4      God:    Makhleb [......]
Gold:   290        SH:  0    Dex:  7 (9)  Spells: 0 memorised, 5 levels left

rFire  . . .     SeeInvis .     a - +3 long sword
rCold  + . .     Clarity  .     b - +0 robe
rNeg   . . .     SustAb   .     c - +2 shield
rPois  .         Gourm    +     (helmet restricted)
rElec  .         Spirit   .     (no cloak)
rCorr  .         Warding  .     (gloves unavailable)
rMut   .         Stasis   .     (boots unavailable)
MR     .....                    (no amulet)
Stlth  +.........               i - ring of protection from cold
                                j - +3 ring of slaying

@: confused, mighty, not resistant to hostile enchantments, very unstealthy
A: unfitting armour, claws 3, fast metabolism 3, gourmand, regeneration 2,
shaggy fur 1, tough skin 2
a: Renounce Religion


You were on level 4 of the Dungeon.
You worshipped Makhleb.
Makhleb was noncommittal.
You were not hungry.

You visited 2 branches of the dungeon, and saw 6 of its levels.

You collected 290 gold pieces.

Inventory:

Hand weapons
 a - a +3 long sword (weapon)
Armour
 b - a +0 robe (worn)
 c - a +2 shield (worn)
Jewellery
 h - an uncursed ring of wizardry {unknown}
 i - a ring of protection from cold (right claw)
 j - a +3 ring of slaying (left claw)
 k - an uncursed ring of magical power
 n - an uncursed ring of sustain abilities
Magical devices
 q - a wand of draining (7)
Scrolls
 o - 2 scrolls of remove curse
Potions
 g - a potion of ambrosia
 l - a potion of magic {unknown}
 r - a potion of lignification {unknown}
 s - a potion of flight
Comestibles
 d - 2 meat rations
 p - 4 bread rations
 t - a slice of pizza
 u - a beef jerky


   Skills:
 + Level 3.6 Fighting
 + Level 2.7 Long Blades
 + Level 2.4 Armour
 + Level 3.0 Dodging
 + Level 0.3 Stealth
 + Level 3.6 Shields


You had 5 spell levels left.
You didn't know any spells.

Dungeon Overview and Level Annotations

Branches:
Dungeon (5/15)             Temple (1/1) D:4

Altars:
Ashenzari
Dithmenos
Elyvilon
Fedhas
Kikubaaqudgha
Makhleb
Nemelex Xobeh
Ru
Sif Muna
Vehumet
Xom
Yredelemnul
Zin
The Shining One


Innate Abilities, Weirdness & Mutations

You are too large for most types of armour.
You have claws for hands.
Your metabolism is lightning-fast.
You like to eat raw meat.
You heal very quickly.
You are covered in fur (AC +1).
You have very tough skin (AC +2).


Message History

You slice the giant mite!!
You kill the giant mite!
Makhleb accepts your kill.
You slash the orc!
You kill the orc!
Makhleb accepts your kill.
You feel better. You block the ogre's attack.
You are confused.
You feel invigorated.
The ogre hits you with a giant spiked club!
You barely miss the ogre.
The ogre is lightly wounded.
The ogre barely misses you.
You slash the ogre!
The ogre is heavily wounded.
The ogre hits you with a giant spiked club!!
* * * LOW HITPOINT WARNING * * *
You're too confused to move!
The ogre hits you with a giant spiked club!!
You die...

#...........#....#.....#.......
#.......(...#....+.....#.......
#...........#....#.....+.......
#...........#....#.....#.......
#...........'....#.....#.......
#...........#+#####..####+####+
#######.........###..####.#....
#....(....#....#....#....
#.......@O)>...#....#....
#.........#....'....+....
#.........#+#######'#....
####..................##+
#..................#..
#..................#..
#..................#..
#..................'..
#..................#..


You could see an ogre.

Vanquished Creatures
  2 scorpions
  A quasit (D:4)
  An orc wizard (D:4)
  A giant frog skeleton (D:3)
  3 worker ants (D:4)
  4 adders
  A giant mite (D:4)
  4 worms
  An ooze (D:1)
  12 orcs
  A ball python (D:2)
  4 bats
  2 giant cockroaches
  9 hobgoblins
  5 jackals
  11 kobolds
  2 quokkas
  2 giant geckos
  4 giant newts
  15 goblins
  A jackal skeleton (D:4)
  7 rats
93 creatures vanquished.

Notes
Turn   | Place    | Note
--------------------------------------------------------------
     0 | D:1      | tonysalla, the Troll Fighter, began the quest for the Orb.
     0 | D:1      | Reached XP level 1. HP: 22/22 MP: 1/1
   547 | D:1      | Reached XP level 2. HP: 29/29 MP: 1/1
  1200 | D:2      | Reached skill level 1 in Dodging
  1200 | D:2      | Reached XP level 3. HP: 33/36 MP: 2/2
  1861 | D:3      | Noticed a scorpion
  1876 | D:3      | Killed a scorpion
  1876 | D:3      | Reached skill level 3 in Fighting
  1876 | D:3      | Reached XP level 4. HP: 36/45 MP: 2/2
  1958 | D:3      | Reached XP level 5. HP: 43/53 MP: 2/2
  2796 | D:4      | Reached XP level 6. HP: 57/61 MP: 3/3
  2997 | D:4      | Found a staircase to the Ecumenical Temple.
  3070 | Temple   | Entered the Ecumenical Temple
  3112 | Temple   | Became a worshipper of Makhleb the Destroyer
  3384 | D:4      | Found a sparkling altar of Nemelex Xobeh.
  3384 | D:4      | Found an ancient bone altar of Kikubaaqudgha.
  3618 | D:5      | Entered Level 5 of the Dungeon
  3644 | D:4      | Slain by an ogre

Action                   |  1- 3 |  4- 6 || total
-------------------------+-------+-------++-------
Melee: Long sword        |   138 |   167 ||   305
  Use: Scroll            |     8 |    12 ||    20
       Potion            |     1 |     7 ||     8
  Eat: Chunk             |     6 |    18 ||    24
       Bread ration      |     1 |       ||     1
       Meat ration       |     1 |       ||     1
